 Dungeon Crawl Stone Soup version 0.31-a0-198-g2ad674f65e (webtiles) character file.

Game seed: 7416809770792456244

488 qw the Skirmisher (level 6, -2/35 HPs)
             Began as a Deep Elf Hunter on June 25, 2023.
             Slain by an orc
             ... wielding a +0 short sword
              (3 damage)
             ... on level 4 of the Dungeon.
             The game lasted 00:01:21 (2745 turns).

qw the Skirmisher (Deep Elf Hunter)                 Turns: 2745, Time: 00:01:21

Health: -2/35      AC:  8    Str: 14    XL:     6   Next: 90%
Magic:  8/8        EV: 12    Int: 14    God:
Gold:   242        SH:  0    Dex: 20    Spells: 5/5 levels left

rFire   . . .        Y - +0 shortbow
rCold   . . .        (shield currently unavailable)
rNeg    . . .        k - +0 ring mail {Will+}
rPois   .            (no helmet)
rElec   .            (no cloak)
rCorr   .            m - +2 pair of gloves
SInv    .            (no boots)
Will    +....        (no amulet)
Stlth   +            i - +6 ring of strength
HPRegen 0.25/turn    (no ring)
MPRegen 0.11/turn

%: no passive effects
@: no status effects
A: no striking features
a: no special abilities


You were on level 4 of the Dungeon.
You visited 1 branch of the dungeon, and saw 4 of its levels.

You collected 242 gold pieces.


   Skills:
 - Level 2.0 Fighting
 + Level 10.3 Ranged Weapons
 - Level 1.0 Armour
 - Level 3.0 Dodging
 - Level 1.2 Stealth


You had 5 spell levels left.
You didn't know any spells.
Your spell library was empty.

Inventory:

Hand Weapons
 Y - a +0 shortbow (weapon)
Armour
 k - a +0 ring mail of willpower (worn)
 m - a +2 pair of gloves (worn)
Jewellery
 g - a ring of protection from fire
 i - a +6 ring of strength (left hand)
Scrolls
 a - a scroll of identify
 c - a scroll of noise {unknown}
 d - 2 scrolls of vulnerability {unknown}
Potions
 b - a potion of haste
 f - 2 potions of enlightenment
 h - a potion of lignification {unknown}
 l - a potion of degeneration {unknown}

Dungeon Overview and Level Annotations

Branches:
Dungeon (4/15)
 Temple: D:4-7

Altars:
Hepliaklqana
Ru
Yredelemnul

Shops:
D:1 =

Annotations:
D:4 2 transporters, Eustachio; qw's ghost, amateur DEHu


Message History

You shoot an arrow. The arrow closely misses Eustachio.
Eustachio gestures wildly while chanting.
Eustachio blinks!
The quokka barely misses you. The river rat misses you.
The rat twitches its whiskers.
The rat bites you.
You shoot an arrow. The arrow hits the river rat!
The river rat is almost dead.
The quokka bites you. The orc hits you with a +0 short sword.
The river rat closely misses you. The rat completely misses you.
You shoot an arrow.
The arrow hits the river rat but does no damage.
The river rat is severely wounded.
The quokka bites you but does no damage.
The orc barely misses you. The rat closely misses you. The river rat bites you.
The quokka twitches its whiskers.
The quokka closely misses you.
You shoot an arrow. The arrow closely misses the river rat.
The orc completely misses you. The quokka closely misses you.
The rat barely misses you.
The river rat bites you but does no damage.
You shoot an arrow. The arrow closely misses the river rat.
The orc closely misses you. The quokka bites you. The river rat bites you!
The rat barely misses you.
You shoot an arrow. The arrow closely misses the river rat.
The orc hits you but does no damage. The quokka barely misses you.
The river rat barely misses you. The rat bites you but does no damage.
You shoot an arrow. The arrow hits the river rat.
You kill the river rat!
The river rat's corpse disappears in a puff of smoke!
The quokka bites you but does no damage.
The rat bites you but does no damage.
You shoot an arrow.
The arrow hits the orc but does no damage.
The quokka twitches its whiskers.
The quokka closely misses you. The orc hits you with a +0 short sword.
The orc misses you. The rat closely misses you. The quokka barely misses you.
You shoot an arrow. The arrow hits the orc!
You kill the orc!
The orc hits you with a +0 short sword.
You die...

......#...# #.##
###.....### #..#
##..###.# ##.#
.......
...####...#####.#
.......
................#
.......
#########.####..#
....... ..
#..##..r.... ##
#.. #.rr#h5!....
.#
#..#.#@#.5o.o..
.# ...#o)# #
..#.###$# #. ..
#.# #. #.# #.. #
# #. .... ## .#.
.. ##.## .# #...
># .## ... .#


You could see an orc, a quokka (summoned) and a rat (summoned).

Vanquished Creatures
  Grinder (D:3)
  2 centaur zombies (D:3)
  A hound (D:4)
  An orc wizard (D:2)
  A scorpion zombie (D:3)
  6 adders
  4 worms (D:3)
  3 dart slugs
  8 orcs
  5 ball pythons
  3 bats
  7 endoplasms
  2 giant cockroaches
  4 goblins
  5 hobgoblins
  4 jackals (D:2)
  3 quokkas
  A giant cockroach zombie (D:3)
  7 kobolds
  7 rats
75 creatures vanquished.

Notes
Turn   | Place    | Note
-------+----------+-------------------------------------------
     0 | D:1      | qw the Deep Elf Hunter began the quest for the Orb.
     0 | D:1      | Reached XP level 1. HP: 12/12 MP: 3/3
     0 | D:1      | 0 ||| qw: Version: 0.3-a-22-g0ed2b0b
     0 | D:1      | 0 ||| qw: Game counter: 5381
     0 | D:1      | 0 ||| qw: Melee chars always use a shield: true
     0 | D:1      | 0 ||| qw: God list: Okawaru
     0 | D:1      | 0 ||| qw: Allow faded altars: false
     0 | D:1      | 0 ||| qw: Do Orc after clearing Dungeon:15 true
     0 | D:1      | 0 ||| qw: Do second Lair branch before Depths: true
     0 | D:1      | 0 ||| qw: Lair rune preference: random
     0 | D:1      | 0 ||| qw: Goals: Normal
     0 | D:1      | 0 ||| PLANNING D:1-11
    36 | D:1      | 36 ||| READING scroll labelled SYERPHY OTOR.
    43 | D:1      | Found Muapp's Jewellery Emporium.
    52 | D:1      | 52 ||| SHOPLISTING amulet "Baddorchu" {Faith Str+2} (563
                  | gold, have 9).
    52 | D:1      | 52 ||| SHOPLISTING amulet of regeneration (330 gold, have
                  | 9).
    52 | D:1      | 52 ||| SHOPLISTING ring of ice (275 gold, have 9).
    52 | D:1      | 52 ||| SHOPLISTING ring of positive energy (220 gold, have
                  | 9).
    52 | D:1      | 52 ||| SHOPLISTING ring of protection from cold (275 gold,
                  | have 9).
    52 | D:1      | 52 ||| SHOPLISTING ring of protection from fire (275 gold,
                  | have 9).
    52 | D:1      | 52 ||| SHOPLISTING ring of resist corrosion (220 gold, have
                  | 9).
   170 | D:1      | HP: 3/12 [kobold/+0 short sword (2)]
   230 | D:1      | Reached XP level 2. HP: 16/16 MP: 4/4
   240 | D:1      | Reached skill level 6 in Ranged Weapons
   671 | D:1      | 671 ||| UPGRADING to +3 leather armour.
   681 | D:1      | 681 ||| DROPPING +0 leather armour.
   682 | D:1      | 682 ||| UPGRADING to +0 ring mail of willpower.
   692 | D:1      | 692 ||| DROPPING +3 leather armour.
   693 | D:1      | 693 ||| UPGRADING to +6 ring of strength.
   694 | D:1      | 694 ||| READING scroll labelled BUUTEDGH SENY.
   695 | D:1      | 695 ||| READING scroll labelled LUSAYPN ZANU.
   696 | D:1      | 696 ||| READING 2 scrolls labelled QARECW VAWIBRO.
   697 | D:1      | 697 ||| READING scroll labelled HOURICKUSOWK.
   798 | D:1      | 798 ||| DROPPING scroll of butterflies.
   799 | D:1      | 799 ||| DROPPING scroll of fear.
   839 | D:2      | Reached XP level 3. HP: 20/20 MP: 5/5
   957 | D:2      | Found a hazy altar of Hepliaklqana.
   971 | D:2      | Reached skill level 7 in Ranged Weapons
  1385 | D:2      | Found a faded altar of an unknown god.
  1569 | D:2      | 1569 ||| UPGRADING to +0 pair of gloves.
  1574 | D:2      | 1574 ||| DROPPING ring of wizardry.
  1575 | D:2      | 1575 ||| READING scroll labelled PEUTRU CIAVVORR.
  1576 | D:2      | 1576 ||| READING scroll labelled ESMAESCH JIYFUT.
  1577 | D:2      | 1577 ||| READING scroll labelled GIHIYPE HAQY.
  1578 | D:2      | 1578 ||| DRINKING 2 bubbling dark potions.
  1612 | D:3      | Reached XP level 4. HP: 25/25 MP: 6/6
  1625 | D:3      | 1625 ||| FLEEEEING.
  1626 | D:3      | 1626 ||| STAIRDANCE
  1681 | D:3      | 1681 ||| STAIRDANCE
  1743 | D:3      | 1743 ||| STAIRDANCE
  1747 | D:2      | Reached skill level 8 in Ranged Weapons
  1790 | D:3      | 1790 ||| READING scroll of enchant armour.
  1790 | D:3      | 1790 ||| ENCHANTING +0 pair of gloves.
  1874 | D:3      | Noticed Grinder
  1878 | D:3      | HP: 5/25 [Grinder/nerve-wracking pain (14)]
  1885 | D:3      | HP: 4/25 [Grinder/nerve-wracking pain (2)]
  1888 | D:3      | HP: 1/25 [Grinder (1)]
  1898 | D:3      | Killed Grinder
  1899 | D:3      | Reached skill level 10 in Ranged Weapons
  1899 | D:3      | Reached XP level 5. HP: 5/29 MP: 7/7
  1899 | D:3      | Reached XP level 6. HP: 6/34 MP: 8/8
  2068 | D:3      | Reached skill level 3 in Dodging
  2102 | D:3      | Found a basalt altar of Yredelemnul.
  2206 | D:3      | Reached skill level 1 in Armour
  2240 | D:3      | 2240 ||| READING scroll of enchant armour.
  2240 | D:3      | 2240 ||| ENCHANTING +1 pair of gloves.
  2457 | D:3      | 2457 ||| DRINKING 2 white potions.
  2458 | D:3      | 2458 ||| READING 2 scrolls of identify.
  2458 | D:3      | 2458 ||| IDENTIFYING red potion
  2459 | D:3      | 2459 ||| DROPPING potion of brilliance.
  2556 | D:4      | Found a sacrificial altar of Ru.
  2590 | D:4      | Found a transporter.
  2593 | D:4      | Noticed qw's ghost (amateur DEHu)
  2594 | D:4      | Found a transporter.
  2692 | D:4      | Noticed Eustachio
  2700 | D:4      | HP: 7/35 [Eustachio/+0 falchion (6)]
  2703 | D:4      | 2703 ||| Stepping ~*~*~tactically~*~*~ (outnumbered).
  2711 | D:4      | HP: 6/35 [Eustachio/+0 falchion (4)]
  2717 | D:4      | 2717 ||| DRINKING potion of heal wounds.
  2741 | D:4      | HP: 1/35 [river rat[Eustachio] (8)]
  2745 | D:4      | Slain by an orc

Levels and vault maps discovered:
D:1:      dpeg_arrival_arbitrary_b, layout_rooms, serial_forest,
          infiniplex_forest_clump_large, infiniplex_forest_lined_room_,
          infiniplex_forest_clump_tiny, infiniplex_forest_clump_large,
          serial_shops, nicolae_shop_crystal, dk_noncrumbling_3, minivault_4,
          minivault_4, minmay_misc_feat_columns, minmay_tetromino_i4
D:2:      layout_basic, basic_altar,
          dreamdust_ecumenical_altar_angels_and_demons, minmay_indecisive_spiral
D:3:      layout_basic, nicolae_yredelemnul_corpse_copse,
          kennysheep_generic_room_3, uniq_grinder
D:4:      layout_rooms, nicolae_ru_the_path_less_chosen, gammafunk_ghost_smash,
          uniq_eustachio

Skill      XL: |  1  2  3  4  5  6 |
---------------+-------------------+-----
Ranged Weapons | 6 7 10 | 10.3
Dodging        | 3 |  3.0
Fighting       | 2 |  2.0
Armour         | 1 |  1.0
Stealth        | |  1.2

Action                     |  1- 3 |  4- 6 || total
---------------------------+-------+-------++-------
   Fire: Shortbow          |   110 |   199 ||   309
    Use: Scroll            |     8 |     3 ||    11
         Potion            |     1 |     2 ||     3
 Armour: Leather armour    |     3 |       ||     3
         Ring mail         |    13 |    51 ||    64
  Dodge: Dodged            |    28 |   107 ||   135

Table legend:
 A = Non-vault XP
 B = Vault XP
 C = Vault XP percentage of total XP
 D = Non-vault monster count
 E = Vault monster count
 F = Vault count percentage of total count
                 A         B        C        D         E       F
            +---------+---------+-------+---------+---------+-------
      Total |     271 |     430 |  61.3 |      60 |      15 |  20.0
            +---------+---------+-------+---------+---------+-------
        D:1 |      29 |       5 |  14.7 |      15 |       4 |  21.1
        D:2 |      89 |       6 |   6.3 |      17 |       4 |  19.0
        D:3 |      72 |     419 |  85.3 |      19 |       7 |  26.9
        D:4 |      81 |       0 |   0.0 |       9 |       0 |   0.0
            +---------+---------+-------+---------+---------+-------
